 Dungeon Crawl Stone Soup version 0.28.0-45-g0d030f2227 (webtiles) character file.

Game seed: 533879433887312084

378 Mitsuki the Conjurer (level 6, -2/32 HPs)
             Began as a Deep Elf Conjurer on Apr 5, 2022.
             Killed by nerve-wracking pain
             ... invoked by Grinder
              (8 damage)
             ... while paralysed by Grinder
             ... on level 4 of the Dungeon.
             The game lasted 00:10:22 (4185 turns).

Mitsuki the Conjurer (Deep Elf Conjurer)            Turns: 4185, Time: 00:10:23

Health: -2/32      AC:  6    Str:  4    XL:     6   Next: 45%
Magic:  12/16      EV:  2    Int: 25    God:
Gold:   73         SH:  0    Dex: 13    Spells: 13/16 levels left

rFire   . . .      SeeInvis .   o - +4 quarterstaff (chaos)
rCold   . . .      Faith    .   (shield currently unavailable)
rNeg    . . .      Spirit   .   a - +0 robe
rPois   .          Reflect  .   (no helmet)
rElec   .          Harm     .   d - scarf {repulsion}
rCorr   .          Rampage  .   (no gloves)
Will    .....                   (no boots)
Stlth   ++........              (no amulet)
HPRegen 0.10/turn               e - +4 ring of protection
MPRegen 0.15/turn               n - +4 ring of slaying

@: paralysed, repel missiles
A: no striking features
a: no special abilities


You were on level 4 of the Dungeon.
You visited 2 branches of the dungeon, and saw 5 of its levels.

You collected 161 gold pieces.
You spent 88 gold pieces at shops.

Inventory:

Hand Weapons
 o - a +4 quarterstaff of chaos (weapon)
Missiles
 t - a throwing net
Armour
 a - a +0 robe (worn)
 d - a scarf of repulsion (worn)
Jewellery
 e - a +4 ring of protection (left hand)
 n - a +4 ring of slaying (right hand)
Scrolls
 b - a scroll of teleportation {unknown}
 h - a scroll of enchant weapon {unknown}
 k - 3 scrolls of identify {unknown}
 m - a scroll of silence {unknown}
 r - a scroll of fog {unknown}
 u - a scroll of noise {unknown}
Potions
 c - 2 potions of brilliance {unknown}
 f - 2 potions of heal wounds
 g - 2 potions of degeneration {unknown}
 i - a potion of attraction {unknown}
 j - 4 potions of haste {unknown}
 l - 2 potions of lignification {unknown}
 p - 2 potions of curing
 q - a potion of magic {unknown}
 s - a potion of ambrosia {unknown}


   Skills:
 - Level 2.4 Dodging
 - Level 2.4 Stealth
 + Level 5.7 Spellcasting
 * Level 7.5 Conjurations


You had 13 spell levels left.
You knew the following spells:

 Your Spells              Type           Power      Damage    Failure   Level
a - Magic Dart            Conj           100%       1d8       1%          1
b - Searing Ray           Conj           88%        2d7       1%          2

Your spell library contained the following spells:

 Spells                   Type           Power      Damage    Failure   Level
 Dazzling Flash           Conj/Hex       52%        N/A       4%          3
 Sublimation of Blood     Necr           7%         N/A       12%         2
 Wereblood                Tmut           7%         N/A       12%         2
 Fulminant Prism          Conj/Hex       13%        3d9       16%         4
 Iskenderun's Mystic Bla  Conj/Tloc      26%        2d7       16%         4
 Summon Hydra             Summ           3%         N/A       100%        7


Dungeon Overview and Level Annotations

Branches:
Dungeon (4/15)             Temple (1/1) D:4

Altars:
Cheibriados
Dithmenos
Fedhas
Kikubaaqudgha
Nemelex Xobeh
Qazlal
Ru
Trog
Uskayaw
Xom
Yredelemnul
Zin
The Shining One

Shops:
D:3 !

Annotations:
D:4 Grinder


Message History

Confirm with . or Enter, or press ? or * to list all spells.
The magic dart hits Grinder but does no damage.
You now have 15/16 mp.
Grinder gestures at you. You resist with some effort.
There is an open door here.
MP restored: 16 You start waiting.
Grinder is nearby!
Casting: Magic Dart (safe; 1% risk of failure)
Confirm with . or Enter, or press ? or * to list all spells.
Aiming: Searing Ray (safe; 1% risk of failure)
Press: ? - help, Shift-Dir - straight line, f/p - Grinder
Aim: Grinder (80% to hit)
The searing ray hits Grinder.
Grinder is lightly wounded. (Press . to maintain the ray.)
You now have 14/16 mp.
The searing ray hits Grinder.
Grinder is moderately wounded.
You now have 13/16 mp.
The searing ray hits Grinder.
Grinder is heavily wounded.
Grinder hits you but does no damage.
You now have 12/16 mp.
The searing ray hits Grinder!
Grinder is severely wounded.
You finish channelling your searing ray.
Grinder gestures at you.
You suddenly lose the ability to move!
Grinder hits you.
You writhe in agony.
Grinder hits you! Grinder hits you!
* * * LOW HITPOINT WARNING * * *
You writhe in agony.
* * * LOW HITPOINT WARNING * * *
Grinder hits you but does no damage. Grinder gestures at you.
Pain shoots through your body!
You die...

♣≈≈≈PP.###...##########..######.#
5P≈♣≈≈.P##...## ##..######.#
P≈PPPP≈P......# #...........
...P≈P≈P......# #...........
....≈.≈P......# #...........
#+#######..#############..#####..
#########..##..###..###.###
#.....#....#.............#
#.....'...@+....5........#
##..###..5###...##..######
###########'###...#####
#......#..........#
#......'..........+
##......#..........#
#....<..#..#....#..#
####################


You could see Grinder.

Vanquished Creatures
  An ogre (D:4)
  Crazy Yiuf (D:2)
  Jessica (D:2)
  Natasha (thrice) (D:2)
  4 gnolls (D:3)
  6 adders
  3 dart slugs
  3 orcs
  2 bats
  12 endoplasms
  5 giant cockroaches
  5 goblins
  2 hobgoblins
  4 quokkas
  6 ball pythons
  4 frilled lizards
  4 kobolds
  4 rats
70 creatures vanquished.

Vanquished Creatures (others)
  16 plants
16 creatures vanquished.

Grand Total: 86 creatures vanquished

Notes
Turn   | Place    | Note
-------+----------+-------------------------------------------
     0 | D:1      | Mitsuki the Deep Elf Conjurer began the quest for the Orb.
     0 | D:1      | Reached XP level 1. HP: 10/10 MP: 6/6
   309 | D:1      | Reached XP level 2. HP: 15/15 MP: 5/8
   607 | D:1      | Reached skill level 5 in Conjurations
   678 | D:1      | Noticed a shining eye
   681 | D:1      | Found a faded altar of an unknown god.
   683 | D:1      | Noticed a floating eye
   683 | D:1      | Noticed a floating eye
   683 | D:1      | Noticed a shining eye
   972 | D:2      | Reached XP level 3. HP: 19/19 MP: 5/10
  1016 | D:2      | Noticed Natasha
  1035 | D:2      | Killed Natasha
  1098 | D:2      | Noticed Natasha
  1103 | D:2      | Killed Natasha
  1104 | D:2      | Reached XP level 4. HP: 24/24 MP: 3/12
  1200 | D:2      | Noticed Jessica
  1220 | D:2      | Noticed Natasha
  1282 | D:2      | Killed Natasha
  1283 | D:2      | Reached skill level 6 in Conjurations
  1464 | D:2      | Killed Jessica
  1465 | D:2      | Reached XP level 5. HP: 28/28 MP: 10/14
  1870 | D:2      | Found a runed translucent door.
  1871 | D:2      | Noticed Crazy Yiuf
  2135 | D:2      | Learned a level 2 spell: Searing Ray
  2139 | D:2      | Killed Crazy Yiuf
  2140 | D:2      | Reached skill level 5 in Spellcasting
  2668 | D:3      | Reached skill level 7 in Conjurations
  2885 | D:3      | Found a glowing silver altar of Zin.
  2910 | D:3      | Reached XP level 6. HP: 32/32 MP: 12/16
  3064 | D:3      | Found Kuliadez's Distillery.
  3077 | D:3      | Identified the +0 scale mail of the Purple Skies {Int+2}
  3464 | D:3      | Bought a potion of curing for 33 gold pieces
  3464 | D:3      | Bought a potion of heal wounds for 55 gold pieces
  3504 | D:4      | Found a staircase to the Ecumenical Temple.
  3524 | Temple   | Entered the Ecumenical Temple
  4061 | D:4      | Noticed Grinder
  4180 | D:4      | Paralysed by Grinder for 6 turns
  4185 | D:4      | Killed from afar by Grinder

Illustrated notes

Levels and vault maps discovered:
D:1:      zaba_arrival_water, layout_rooms,
          hellmonk_ecumenical_altar_watching_god, minmay_misc_feat_four_crosses,
          minmay_misc_feat_ornament, minmay_stone_trees_small
D:2:      layout_basic, kennysheep_boxes, uniq_jessica, uniq_natasha,
          uniq_crazy_yiuf_cottage
D:3:      layout_basic, marbit_many_paths, serial_shops, nicolae_diamond_shop
D:4:      layout_gridville, minmay_temple_entry_junction, serial_bayou_lagoon_a,
          uniq_grinder
Temple:   minmay_temple_bridge_abc

Skill      XL: |  1  2  3  4  5 |
---------------+----------------+-----
Conjurations   | 5 6 7 |  7.5
Spellcasting   | 4 5 |  5.7
Dodging        | |  2.4
Stealth        | |  2.4

Action                   |  1- 3 |  4- 6 || total
-------------------------+-------+-------++-------
Melee: Quarterstaff      |       |     4 ||     4
 Cast: Magic Dart        |    67 |    96 ||   163
       Searing Ray       |       |     3 ||     3
 Stab: Sleeping          |       |     1 ||     1
Armor: Robe              |     1 |     4 ||     5
Dodge: Dodged            |       |     7 ||     7
       Repelled          |       |     1 ||     1
